Cogmind - Beta 15 @@@ ROGUE MODE // 2025.09.15 @ 17:06:10 Player: Crafthog Result: Destroyed by U7-720(R) with Subdweller Laser Performance ------------- Evolutions (0) 0 Regions Visited (2) 400 Robots Destroyed (21) 105 Value Destroyed (590) 590 Prototype IDs (0) 0 Alien Tech Used (0) 0 Bonus (0) 0 TOTAL SCORE: 1095 Bonus ------- None Cogmind --------- Core Integrity 0/250 Matter 182/300 Energy 125/125 System Corruption 0% Temperature Cool (6) Movement Treading (240) Ox1 Location -10/Subcaves Parts ------- > --- POWER (1) -------- Light Ion Engine > --- PROPULSION (2) --- Light Treads Light Treads > --- UTILITY (2) ------ High-capacity Storage Unit Hacking Suite > --- WEAPON (2) ------- Assault Rifle Light Cannon > --- INVENTORY (20) --- Ion Engine Small Storage Unit Scrap Shield Riot Gun Shotgun Shotgun Shotgun Shotgun Light Cannon Light Cannon Light Cannon Peak State ------------ > --- POWER ------------ Light Ion Engine > --- PROPULSION ------- Light Treads Light Treads > --- UTILITY ---------- Small Storage Unit Hacking Suite > --- WEAPON ----------- Shotgun Light Cannon > --- INVENTORY -------- High-capacity Storage Unit Assault Rifle Shotgun Shotgun Shotgun Light Cannon Light Cannon Light Cannon [Rating: 11] Favorites ----------- Power Light Ion Engine Engine Light Ion Engine Propulsion Light Treads Treads Light Treads Utility Hacking Suite Device Seismic Detector Storage Small Storage Unit Hackware Hacking Suite Weapon Light Assault Rifle Ballistic Gun Light Assault Rifle Ballistic Cannon Light Cannon Build | -11 -10 -10 ------- Run | Yrd Mat Sub Slots Evolved . | . . . Power . | . . . Propulsion . | . . . Utility . | . . . Weapon . | . . . Parts Attached 17 | 7 10 . Power 3 | 1 2 . Engine 3 | 1 2 . Core . | . . . Reactor . | . . . Propulsion 4 | 2 2 . Treads 4 | 2 2 . Leg . | . . . Wheel . | . . . Hover . | . . . Flight . | . . . Utility 4 | 2 2 . Device 1 | 1 . . Storage 2 | 1 1 . Processor . | . . . Hackware 1 | . 1 . Protection . | . . . Artifact . | . . . Weapon 6 | 2 4 . Energy Gun . | . . . Energy Cannon . | . . . Ballistic Gun 4 | 2 2 . Ballistic Cannon 2 | . 2 . Launcher . | . . . Special Weapon . | . . . Impact Weapon . | . . . Slashing Weapon . | . . . Piercing Weapon . | . . . Special Melee Weapon . | . . . Unidentified Prototypes . | . . . Parts Lost 4 | . 4 . Power 1 | . 1 . Propulsion 2 | . 2 . Utility . | . . . Weapon 1 | . 1 . Highest Loss Streak 4 | . 4 . To Critical Strikes . | . . . Average Backups 7 | 1 6 10 Power . | . . 1 Propulsion . | . . . Utility 1 | . 1 1 Weapon 4 | . 4 7 Tool/Special . | . . . Unused Backups 11 | 1 2 8 Power 1 | . . 1 Propulsion 1 | 1 . . Utility 3 | . 2 1 Weapon 6 | . . 6 Tool/Special . | . . . Average Slot Usage (%) 99 | . 99 100 Engine 13 | . 13 14 Treads 27 | . 27 28 Device 1 | . 2 . Storage 14 | . 14 14 Hackware 12 | . 11 14 Ballistic Gun 18 | . 20 14 Ballistic Cannon 9 | . 7 14 Peak Build Rating 11 | 7 11 11 Average Rating 9 | 4 8 10 On Entrance 5 | . 7 10 Naked Turns . | . . . Heaviest Build 48 | 11 48 48 Greatest Support 40 | 40 40 40 Greatest Overweight (x) 1 | 1 1 1 Average Overweight (x) . | . . 1 Largest Inventory Capacity 20 | 8 20 20 Average Capacity 13 | 7 11 20 Most Carried 12 | 5 9 12 Average Carried 7 | 1 6 11 Final Capacity 20 | 8 20 20 Final Carried 12 | 2 9 12 Class Distribution -------------------- 100% | Mutant Dominant Class ---------------- Mutant | -10/Materials Mutant | -10/Subcaves Resources | -11 -10 -10 ----------- Run | Yrd Mat Sub Matter Collected 463 | 127 302 34 Remotely . | . . . Salvage Created 599 | 19 540 40 Parts 43 | 5 35 3 Haulers Intercepted . | . . . Recyclers Shooed 1 | . 1 . Parts Field Recycled . | . . . Retrieved Matter . | . . . Parts Self-Destructed 3 | . . 3 Prevented . | . . . Kills | -11 -10 -10 ------- Run | Yrd Mat Sub Combat Hostiles Destroyed 15 | . 13 2 Guns 10 | . 10 . Cannons 5 | . 3 2 Classes Destroyed 7 | 1 4 2 Worker 1 | . 1 . Tunneler 1 | 1 . . Operator 2 | . 2 . Watcher 2 | . 2 . Swarmer 1 | . . 1 Grunt 13 | . 13 . Subdweller 1 | . . 1 Best Kill Streak 4 | 1 4 1 Combat Bots Only 4 | . 4 1 Max Kills in Single Turn 1 | 1 1 1 Gunslinging . | . . . Exploded . | . . . Melee . | . . . Uniques/NPCs Destroyed . | . . . Combat | -11 -10 -10 -------- Run | Yrd Mat Sub Hostile Shots Fired 115 | . 105 10 Missed 36 | . 32 4 Hits 79 | . 73 6 Projectile 79 | . 73 6 AOE 2 | . 1 1 Critical Strikes 2 | . 2 . Damage Taken 1081 | . 973 108 Core 265 | . 211 54 Absorbed by Shields . | . . . Core Remaining (%) 100 | 100 . . Volleys Fired 79 | 2 74 3 Largest 2 | 2 2 2 Hottest 60 | 40 60 50 Shots Fired 158 | 4 148 6 Gun 140 | 4 133 3 Cannon 18 | . 15 3 Launcher . | . . . Special . | . . . Kinetic 158 | 4 148 6 Thermal . | . . . Explosive . | . . . Electromagnetic . | . . . Robot Hit Streak 12 | 2 12 3 Robot Miss Streak 7 | 1 7 1 Penetration Max . | . . . Secondary Targets 2 | . 2 . Max Gunslinging Chain 1 | . 1 . Shots Hit Robots 94 | 2 88 4 Core Hits 49 | 2 43 4 Critical Kills 1 | . 1 . Critical Parts Destroyed . | . . . Critical Strikes 1 | . 1 . Destroy 1 | . 1 . Melee Attacks . | . . . Impact . | . . . Slashing . | . . . Piercing . | . . . Sneak Attacks . | . . . Combat Hostiles . | . . . Follow-up Attacks . | . . . Damage Inflicted 903 | 16 819 68 Guns 719 | 16 682 21 Cannons 182 | . 135 47 Explosions . | . . . Melee . | . . . Ramming 2 | . 2 . Kinetic 901 | 16 817 68 Thermal . | . . . Explosive . | . . . Electromagnetic . | . . . Impact . | . . . Slashing . | . . . Piercing . | . . . Highest Corruption . | . . . Average Corruption . | . . . Corruption Purged . | . . . Corruption Blocked . | . . . Overload Shots . | . . . Overflow Damage . | . . . Projectiles . | . . . Explosions . | . . . Melee . | . . . Knockbacks 2 | . 2 . Impact . | . . . Kinetic 1 | . 1 . Secondary 1 | . 1 . Self-Inflicted Damage . | . . . Shots . | . . . Rammed 2 | . 2 . Targets Rammed 2 | . 2 . Kicked . | . . . Crushed . | . . . Highest Temperature 51 | . 51 . Average Temperature 14 | . 14 . Received Heat Transfer 543 | . 531 12 Siege Activations . | . . . Martial Activations . | . . . Shielding Activations . | . . . Robots Disrupted . | . . . Combat Hostiles . | . . . Robots Corrupted . | . . . Combat Hostiles . | . . . Parts Fried . | . . . Impact Corruptions . | . . . Robots Melted . | . . . Combat Hostiles . | . . . Parts Melted . | . . . Heat Transferred . | . . . Parts Sabotaged . | . . . Parts Stolen . | . . . Parts Stripped . | . . . Power Chain Reactions . | . . . Alert | -11 -10 -10 ------- Run | Yrd Mat Sub Maximum Alert Level . | . . . Low Security (%) 100 | 100 100 . Level 1 . | . . . Level 2 . | . . . Level 3 . | . . . Level 4 . | . . . Level 5 . | . . . High Security . | . . . Max Security . | . . . Peak Influence 83 | 5 83 . Initial . | . . . Average 19 | 1 21 . Influence Increases 411 | 5 386 20 Destroy 0b10 Robot/C 280 | . 260 20 Destroy 0b10 Robot/NC 30 | 5 25 . Destroy Leader 64 | . 64 . Successful Hack 22 | . 22 . Lose Combat Pursuer 15 | . 15 . Influence Decreases 411 | 5 386 20 Time Decay 371 | 5 346 20 Lost Part 40 | . 40 . Squads Dispatched 5 | . 5 . Investigation 1 | . 1 . Extermination . | . . . Reinforcement 4 | . 4 . Assault . | . . . Garrison . | . . . Intercept . | . . . Searches Triggered . | . . . Construction Impeded . | . . . Haulers Reinforced . | . . . Active Scanning Responses . | . . . Cargo Convoy Interrupts . | . . . Stealth | -11 -10 -10 --------- Run | Yrd Mat Sub Distress Signals 1 | . 1 . Communications Jammed . | . . . Distress Signals . | . . . Times Spotted 32 | . 23 9 Peak Tracking Total 4 | . 4 4 Tactical Retreats 1 | . 1 . Traps | -11 -10 -10 ------- Run | Yrd Mat Sub Traps Triggered 1 | . 1 . Indirectly . | . . . Trap Hack Attempts . | . . . Triggered . | . . . Disarmed . | . . . Reprogrammed . | . . . Reused . | . . . Traps Extracted . | . . . Installed . | . . . Triggered . | . . . Machines | -11 -10 -10 ---------- Run | Yrd Mat Sub Machines Disabled . | . . . Max in Single Turn . | . . . Machines Repaired . | . . . Machines Dismantled . | . . . Machines Sabotaged . | . . . Overloaded Fab Kills . | . . . Hacking | -11 -10 -10 --------- Run | Yrd Mat Sub Machines Accessed 4 | . 4 . Terminals 4 | . 4 . Fabricators . | . . . Repair Stations . | . . . Recycling Units . | . . . Scanalyzers . | . . . Garrison Access . | . . . Total Hacks 8 | . 8 . Successful 4 | . 4 . Failed 4 | . 4 . Catastrophic 4 | . 4 . Database Lockouts . | . . . Manual 7 | . 7 . Terminals 8 | . 8 . Fabricators . | . . . Repair Stations . | . . . Recycling Units . | . . . Scanalyzers . | . . . Garrison Access . | . . . Terminal Hacks 4 | . 4 . Terminal Index 1 | . 1 . Alert Level 1 | . 1 . Maintenance Status 1 | . 1 . Surveillance Status 1 | . 1 . Fabricator Hacks . | . . . Repair Station Hacks . | . . . Recycling Unit Hacks . | . . . Scanalyzer . | . . . Garrison Access Hacks . | . . . Unauthorized Hacks . | . . . Terminals . | . . . Fabricators . | . . . Repair Stations . | . . . Recycling Units . | . . . Scanalyzers . | . . . Garrison Access . | . . . Data Cores Recovered . | . . . Used . | . . . Hacking Detections 3 | . 3 . Full Trace Events . | . . . Feedback Events . | . . . Feedback Blocked . | . . . Robot Schematics Acquired . | . . . Robots Built . | . . . Authchips . | . . . Time . | . . . Total Robot Build Rating . | . . . Part Schematics Acquired . | . . . Parts Built . | . . . Authchips . | . . . Time . | . . . Total Part Build Rating . | . . . Parts Repaired . | . . . Time . | . . . Parts Recycled . | . . . Recycled Matter . | . . . Retrieved Matter . | . . . Retrieved Components . | . . . Parts Scanalyzed . | . . . Part Schematics Acquired . | . . . Parts Damaged . | . . . Bothacking | -11 -10 -10 ------------ Run | Yrd Mat Sub Used RIF Installer . | . . . Robots Hacked . | . . . Non-combat . | . . . Combat . | . . . Robot Hacks Applied . | . . . Relay Couplers Released . | . . . Fabnet Peak Effective % . | . . . Robots Rewired . | . . . Allies Hacked . | . . . Hacks Repelled . | . . . Allies | -11 -10 -10 -------- Run | Yrd Mat Sub Total Allies . | . . . Largest Group . | . . . Highest-Rated Group . | . . . Highest-Rated Ally . | . . . Total Orders . | . . . Ally Attacks . | . . . Total Damage . | . . . Kills . | . . . Allies Corrupted . | . . . Allies Melted . | . . . Intel | -11 -10 -10 ------- Run | Yrd Mat Sub Active Infowar (turns) 196 | 9 187 . Seismic 196 | 9 187 . Robot Analysis Total . | . . . Derelict Logs Recovered . | . . . Drone Launches . | . . . Drone Recoveries . | . . . Exploration | -11 -10 -10 ------------- Run | Yrd Mat Sub Turns Passed 1674 | 88 1159 427 Spaces Moved 713 | 50 489 174 Core 20 | 18 2 . Treads 693 | 32 487 174 Legs . | . . . Wheels . | . . . Hover . | . . . Flight . | . . . Fastest Speed 50 | 50 100 240 Average Speed 194 | 132 183 240 Slowest Speed 240 | 160 240 240 Overloaded Moves . | . . . Propulsion Burnouts . | . . . Robots Hopped . | . . . Potential Cave-ins . | . . . Cave-ins Triggered . | . . . Exploration Rate (%) 33 | 3 84 14 Regions Visited 2 Branch Regions 1 Pre-discovered Areas . | . . . Known Exits Taken . | . . . Unknown Exits Taken 2 | 1 1 . Scrap Searched . | . . . Spaces Dug . | . . . Terrain Destroyed . | . . . Melee . | . . . Projectile . | . . . AOE . | . . . Terrain Rammed . | . . . Walls Destroyed . | . . . Machines Disabled . | . . . Actions | -11 -10 -10 --------- Run | Yrd Mat Sub Total 873 | 69 625 179 Wait 27 | . 27 . Move 711 | 49 488 174 Hop . | . . . Pick Up 29 | 10 17 2 Fast Attach . | . . . Attach 11 | 7 4 . Detach . | . . . Swap 7 | . 7 . Drop 7 | 1 6 . Fire 79 | 2 74 3 Melee . | . . . Ram . | . . . Kick . | . . . Crush 2 | . 2 . Escape Stasis . | . . . Rewire . | . . . Trap . | . . . Miscellaneous . | . . . Route ------- -11/Scrapyard -10/Materials (discovered 3 exits: [*Mat] / [*Min] / [*Sub]) -10/Subcaves History --------- Turn | Location | Event 19 | -11/Scrapyard | Discovered new exit (range 15) 89 | -11/Scrapyard | Entered Materials 316 | -10/Materials | Build established: Mutant 688 | -10/Materials | Core integrity fell below 50% 715 | -10/Materials | Lost 4 parts (1p2n1w) 818 | -10/Materials | Discovered new exit (range 5) 974 | -10/Materials | Discovered new exit (range 5) 1104 | -10/Materials | Core integrity fell below 20% 1193 | -10/Materials | Discovered new exit (range 11) 1248 | -10/Materials | Entered Subcaves 1249 | -10/Subcaves | Approached by a straggling Scientist 1354 | -10/Subcaves | Shifting Twisted Machinery released Riot Gun 1396 | -10/Subcaves | Shifting Twisted Machinery released Sub. Power Source 1665 | -10/Subcaves | Ambushed by swarm of Subdwellers 1665 | -10/Subcaves | Ambushed by Subdwellers from Twisted Machinery 1665 | -10/Subcaves | Ambushed by Subdwellers from Twisted Machinery 1675 | -10/Subcaves | Destroyed by U7-720(R) with Subdweller Laser Last Messages --------------- OJ-416(h): "The Subs are coming!" HV Slug penetrates 8U-8N1(R). 8U-8N1(R) destroyed. HV Slug penetrates Twisted Machinery. A5-7E5(R) angrily emerges from the Twisted Machinery. O6-Q4H(R) angrily emerges from the Twisted Machinery. O6-Q4H(R) suffers critical hit (Destroy). O6-Q4H(R) destroyed. 9D-VES(R) emerges from the Twisted Machinery. CB-N8J(R) emerges from the Twisted Machinery. CB-N8J(R) suffers critical hit (Destroy). CB-N8J(R) destroyed. U7-720(R) suffers critical hit (Destroy). FD-ZQK(c) destroyed. OJ-416(h) destroyed. U7-720(R) affixes Scrap Shield Fragment to Scrap Shield. A5-7E5(R) destroyed. 3K-78E(g): "Sorry we're late! Had another grouchy Sub to deal with. Who's the new fellow?" Subatomizers dissect the Sub. Optics. Map ----- +----------------------------------------------------+ | ?????????????????????????????????????????????????? | | ?????????????????????????????????????????????????? | | ?????????????????????????????????????????????????? | | ?????????????????????????????????????????????????? | | ?????????????????????????????????????????????????? | | ?????????????????????????????????????????????????? | | ?????????????????????????????????????????????????? | | ?????????????????????????????????????????????????? | | ?????????????????????????????????????????????????? | | ?????????????????????????????????????????????????? | | ?????????????????????????????????????????????????? | | ?????????????????????????????????????????????????? | | ?????????????????????????????????????????????????? | | ?????????????????????????????????????????????????? | | #????????????????????????????????????????????????? | | ###??????????????????????????????????????????????? | | ##?????????????????????????????????????????????? | | ##????????????????????????????????????????????? | | #????????????????????????????????????????????? | | ## #?????????????????????????#####??????????????? | | ## #?????????????????####??## ## #???????????? | | ## ##?????????????????#""### ??????????? | | #??????????????????#"R*& ????????????? | | #????????????##;;###!%]R% ??????????????? | | ###??????????#;; ;;!=&!% #???????????????????? | | %##?????????#; = R%%@ #???????????????????? | | #####??????#; %!% #???????????????????? | | ##???###; =;# ##???????????????????? | | ### #?### ;# #????????????????????? | | ??# #?# # #???????????????????? | | ??# ##?## ; ??????????????????? | | ??# ###???## ## #????????????????? | | ?## ##???###g #### #????????????????? | | ?# %#??## g #?? #???????????????? | | ?# ##?# g ## ??????????????? | | ?# ### ?????????????? | | ?# ## ## ????????????? | | ?# ##### ##?####? ????????????? | | ?## ### #????##???????? ??????????????? | | ??## #?# #??????????????????????????????? | | ???# ?????????????????????????????? | | ???# ????????????????????????????? | | ??# ### ??????????????????????????? | | ? #?# "## ?????????????????????????? | | #? ### ? ????????????????????????? | | ? #?? ##?#???????????????????????? | | # ## ? #??# ####??????????????????????????? | | ## #?### ? #???##?????????????????????????????? | | ?###?????#?# ##??????????????????????????????????? | | ????????????##???????????????????????????????????? | +----------------------------------------------------+ Best States ------------- Heat Dissipation 25 Energy Generation 10 Energy Capacity 125 Matter Stores 300 Matter Capacity 300 Sight Range 16 Terrain Scan Density 10 Evasion (%) 40 Recoil Reduction 2 Offensive Hacking 10 Item Schematics ----------------- None Robot Schematics ------------------ None Fabricated ------------ Nothing Repaired ---------- Nothing Alien Tech Used ----------------- None Achievements -------------- None Challenges ------------ None Game ------ Seed ElectronMeleeStorm Manual? 0 Play Time 00:17:25 Cumulative 7.0 hours Start 2025.09.15 @ 16:34:19 End 2025.09.15 @ 17:06:10 Sessions 1 Manual Loads 0 Difficulty Rogue Special Mode None Game No. 16 Rogue 16 Adventurer 0 Explorer 0 Win Type - Total 0 Types 0/0/0/0/0/0/0/0/0/0 Lore% 9 Gallery% 9 Achievement% 13 Wizard Run 0 Options --------- Layout 1 ASCII 0 Keyboard 0 Movement Mouse Keybinds 0 Fullscreen 1 Font 24/Smallcaps Map View 76x35 Zoom Use 0% Tactical HUD 0 Map Filters NONE Filters NONE Steam 1 RUN: 14990b90-75da-49fd-acbc-796b55d292b1